 Dungeon Crawl Stone Soup version 0.30.1-3-gfc49f6343a (webtiles) character file.

Game seed: 10819556452781194458

250 shmup the Firebug (level 6, 0/32 HPs)
             Began as a Tengu Fire Elementalist on July 26, 2023.
             Slain by an iguana (5 damage)
             ... on level 4 of the Dungeon.
             The game lasted 00:08:17 (2695 turns).

shmup the Firebug (Tengu Fire Elementalist)         Turns: 2695, Time: 00:08:17

Health: 0/32       AC:  2    Str:  8    XL:     6   Next: 13%
Magic:  15/19      EV: 14    Int: 17    God:
Gold:   182        SH:  0    Dex: 15    Spells: 6/9 levels left

rFire   . . .        b - +11 sling "Kuaziuc" {freeze, rPois}
rCold   . . .        (no shield)
rNeg    . . .        k - +0 robe
rPois   +            (helmet restricted)
rElec   .            (no cloak)
rCorr   .            (no gloves)
SInv    +            (boots unavailable)
Will    .....        v - amulet of the acrobat
Stlth   ++           A - ring of magical power
HPRegen 0.25/turn    p - ring of see invisible
MPRegen 0.16/turn

%: acrobat
@: flying quickly and evasively, quick
A: beak, talons 3, nimble flight
a: no special abilities


You were on level 4 of the Dungeon.
You visited 1 branch of the dungeon, and saw 4 of its levels.

You collected 182 gold pieces.

Inventory:

Hand Weapons
 a - the +8 hammer "Sovymu Piddu" {heavy, rElec rC+ rN+ Int+2}
   (You found it on level 2 of the Dungeon)

   Int:       It affects your intelligence (+2).
   rC:        It protects you from cold.
   rElec:     It insulates you from electricity.
   rN:        It protects you from negative energy.
 b - the +11 sling "Kuaziuc" (weapon) {freeze, rPois}
   (You found it on level 2 of the Dungeon)

   rPois:     It protects you from poison.
 D - a +0 dagger of protection
 E - a +0 dagger
Missiles
 h - 21 stones
 n - 11 poisoned darts
Armour
 k - a +0 robe (worn)
 u - an orb of guile
 w - the +3 leather armour of Yzxaecs {Will+}
   (You found it on level 3 of the Dungeon)

   Will:      It increases your willpower.
Magical Staves
 z - a staff of air
Jewellery
 g - a ring of resist corrosion
 p - a ring of see invisible (right hand)
 t - a ring of protection from fire
 v - an amulet of the acrobat (around neck)
 A - a ring of magical power (left hand)
Scrolls
 d - a scroll of brand weapon {unknown}
 e - a scroll of noise
 f - a scroll of magic mapping {unknown}
 i - a scroll of teleportation {unknown}
 j - 2 scrolls of enchant armour {unknown}
 q - a scroll of identify {unknown}
 s - a scroll of butterflies {unknown}
 x - a scroll of vulnerability {unknown}
 y - a scroll of enchant weapon {unknown}
 B - a scroll of torment {unknown}
Potions
 c - a potion of ambrosia {unknown}
 l - a potion of haste {unknown}
 m - 2 potions of curing {unknown}
 o - a potion of magic
 r - 2 potions of heal wounds {unknown}
 C - a potion of mutation {unknown}


   Skills:
 - Level 2.1 Dodging
 - Level 2.0 Stealth
 - Level 2.0 Spellcasting
 + Level 4.5 Conjurations
 * Level 6.3 Fire Magic


You had 6 spell levels left.
You knew the following spells:

 Your Spells              Type           Power      Damage    Failure   Level
a - Foxfire               Conj/Fire      80%        2x1d8     2%          1
b - Scorch                Fire           46%        2d6       2%          2

Your spell library contained the following spells:

 Spells                   Type           Power      Damage    Failure   Level
 Inner Flame              Hex/Fire       12%        N/A       16%         3
 Volatile Blastmotes      Fire/Tloc      24%        2d12      16%         3
 Flame Wave               Conj/Fire      20%        2d7       22%         4
 Chain Lightning          Conj/Air       4%         3d6       100%        9
 Fire Storm               Conj/Fire      10%        8d3       100%        9
 Shatter                  Erth           0%         3d5*      100%        9


Dungeon Overview and Level Annotations

Branches:
Dungeon (4/15)
 Temple: D:4-7

Altars:

Annotations:
D:2 1 runed translucent door, Crazy Yiuf
D:3 1 runed translucent door, SirLogeyBear's ghost, amateur HOBe


Innate Abilities, Weirdness & Mutations

You have a beak for a mouth.
You have claws for feet.
Your magical nature lets you fly swiftly and evasively.


Message History

Level annotation: 1 runed translucent door, SirLogeyBear's ghost, amateur HOBe
There is a stone staircase leading up here.
Could not explore, unopened runed door.
Could not explore, unopened runed door.
(D) Dungeon
Where to? (Enter - D:3, ? - help)
There is a stone staircase leading down here.
You fly downwards.
Found 7 gold pieces.
Found a stone staircase leading down.
There is a stone staircase leading up here.
There are monsters nearby!
The +11 sling "Kuaziuc" {freeze, rPois} is covered in frost.
b - the +11 sling "Kuaziuc" (weapon)
{freeze, rPois} You shoot a sling bullet.
The sling bullet hits the quokka!
The sling bullet freezes the quokka.
You kill the quokka!
The iguana hisses angrily.
You shoot a sling bullet. The sling bullet hits the iguana!
The iguana seems to slow down.
The sling bullet freezes the iguana.
The iguana is almost dead.
You shoot a sling bullet. The sling bullet hits the iguana.
The sling bullet freezes the iguana.
The iguana is lightly wounded.
The iguana bites you!
* * * LOW HITPOINT WARNING * * *
Unknown command.
Casting: Scorch (safe; 2% risk of failure)
Confirm with . or Enter, or press ? or * to list all spells.
Flames lash the iguana.
The iguana is heavily wounded.
The iguana's fire resistance burns away.
The iguana bites you!
* * * LOW HITPOINT WARNING * * *
The iguana bites you but does no damage.
Casting: Scorch (safe; 2% risk of failure)
Confirm with . or Enter, or press ? or * to list all spells.
Flames lash the iguana.
The iguana is burned terribly!
You kill the iguana!
The iguana is no longer moving slowly.
The iguana bites you.
You die...

.▒▒▒▒▒
......
▒......
.......
.......
.......
▒▒▒.......
▒.Ql....$.
▒▒.%......
▒▒>......
%......
.......
.......
.......
.......


You could see an iguana.

Vanquished Creatures
  Sigmund (D:2)
  An iguana (D:4)
  Robin (D:2)
  2 adders
  A worm (D:2)
  A dart slug (D:1)
  2 orcs (D:3)
  2 endoplasms
  3 giant cockroaches
  12 goblins
  8 hobgoblins
  5 quokkas
  6 ball pythons
  3 bats
  3 frilled lizards
  3 kobolds
  3 rats (D:2)
57 creatures vanquished.

Vanquished Creatures (others)
  49 foxfires
49 creatures vanquished.

Grand Total: 106 creatures vanquished

Notes
Turn   | Place    | Note
-------+----------+-------------------------------------------
     0 | D:1      | shmup the Tengu Fire Elementalist began the quest for the
                  | Orb.
     0 | D:1      | Reached XP level 1. HP: 10/10 MP: 4/4
   362 | D:1      | Reached XP level 2. HP: 15/15 MP: 3/6
   973 | D:2      | Reached skill level 4 in Fire Magic
  1079 | D:2      | Reached XP level 3. HP: 14/19 MP: 3/7
  1115 | D:2      | Learned a level 2 spell: Scorch
  1197 | D:2      | Identified the +11 sling "Kuaziuc" {freeze, rPois}
  1278 | D:2      | Noticed Sigmund
  1709 | D:3      | Identified the +3 leather armour of Yzxaecs {Will+}
  1750 | D:3      | Found a runed translucent door.
  1858 | D:3      | Noticed SirLogeyBear's ghost (amateur HOBe)
  2008 | D:2      | Killed Sigmund
  2009 | D:2      | Reached skill level 6 in Fire Magic
  2009 | D:2      | Reached XP level 4. HP: 13/24 MP: 8/8
  2009 | D:2      | Gained mutation: Your magical nature lets you fly swiftly
                  | and evasively. [Tengu growth]
  2009 | D:2      | Reached XP level 5. HP: 16/28 MP: 8/9
  2103 | D:2      | Reached XP level 6. HP: 32/32 MP: 10/10
  2322 | D:2      | Noticed Robin
  2341 | D:2      | Killed Robin
  2451 | D:2      | Identified the +8 hammer "Sovymu Piddu" {heavy, rElec rC+
                  | rN+ Int+2}
  2460 | D:2      | Found a runed translucent door.
  2461 | D:2      | Noticed Crazy Yiuf
  2695 | D:4      | Slain by an iguana

Illustrated notes

Levels and vault maps discovered:
D:1:      scummos_arrival_forest, layout_loops_ring, minmay_misc_feat_ornament
D:2:      layout_loops_ring, minmay_liquid_box, minmay_misc_feat_cross,
          kennysheep_cluttered_room, minmay_fractal_squares_5,
          uniq_crazy_yiuf_cottage, uniq_robin, uniq_sigmund
D:3:      layout_basic, ebering_ghost_reflecting_pool
D:4:      minmay_clustersquares, layout_rooms, general_overflow_altar,
          worldfamousw_hep_ancestral_shrine, uniq_menkaure, uniq_duvessa

Skill      XL: |  1  2  3 |
---------------+----------+-----
Conjurations   | 2 4 |  4.5
Fire Magic     | 4 6 |  6.3
Dodging        | |  2.1
Stealth        | |  2.0
Spellcasting   | |  2.0

Action                     |  1- 3 |  4- 6 || total
---------------------------+-------+-------++-------
  Melee: Dagger            |     2 |       ||     2
   Fire: Sling             |    21 |    23 ||    44
   Cast: Foxfire           |    28 |     1 ||    29
         Scorch            |     6 |     9 ||    15
    Use: Scroll            |     1 |       ||     1
 Armour: Robe              |     2 |     3 ||     5
  Dodge: Dodged            |     9 |    12 ||    21
